 Dungeon Crawl Stone Soup version 0.29.0-4-gdea44cf6ec (webtiles) character file.

Game seed: 3412611517133681484

84 qw the Chopper (level 4, -2/26 HPs)
             Began as a Tengu Warper on Aug 28, 2022.
             Slain by Sigmund
             ... wielding a +0 scythe
              (3 damage)
             ... on level 3 of the Dungeon.
             The game lasted 00:00:12 (2360 turns).

qw the Chopper (Tengu Warper)                       Turns: 2360, Time: 00:00:13

Health: -2/26      AC: 10    Str: 14    XL:     4   Next: 45%
Magic:  8/8        EV:  4    Int: 13    God:
Gold:   86         SH:  0    Dex: 13    Spells: 7/7 levels left

rFire   . . .      SeeInvis .   Y - +0 hand axe
rCold   . . .      Faith    .   (no shield)
rNeg    . . .      Spirit   .   d - +0 plate armour
rPois   .          Reflect  .   (helmet restricted)
rElec   .          Harm     .   (no cloak)
rCorr   .          Rampage  .   (no gloves)
Will    .....                   (boots unavailable)
Stlth   ..........              (no amulet)
HPRegen 0.08/turn               (no ring)
MPRegen 0.11/turn               (no ring)

@: no status effects
A: beak, talons 3
a: no special abilities


You were on level 3 of the Dungeon.
You visited 1 branch of the dungeon, and saw 3 of its levels.

You collected 86 gold pieces.


Innate Abilities, Weirdness & Mutations

You have a beak for a mouth.
You have claws for feet.


   Skills:
 - Level 2.0 Fighting
 - Level 4.9 Axes
 - Level 1.0 Throwing
 + Level 1.5 Armour
 - Level 2.1 Dodging
 - Level 2.0 Spellcasting
 - Level 2.4 Translocations


You had 7 spell levels left.
You didn't know any spells.
Your spell library contained the following spells:

 Spells                   Type           Power      Damage    Failure   Level
 Blink                    Tloc           14%        N/A       100%        2
 Gell's Gravitas          Tloc           7%         N/A       100%        3
 Lesser Beckoning         Tloc           7%         N/A       100%        3
 Teleport Other           Tloc           7%         N/A       100%        3
 Manifold Assault         Tloc           7%         N/A       100%        5

Inventory:

Hand Weapons
 f - a +0 mace
 Y - a +0 hand axe (weapon)
Missiles
 n - 6 silver boomerangs (quivered)
Armour
 d - a +0 plate armour (worn)
Scrolls
 b - a scroll of teleportation
 c - a scroll of identify
Potions
 a - a potion of might {unknown}
 e - a potion of lignification {unknown}
 g - a potion of brilliance {unknown}
 h - a potion of berserk rage {unknown}
 j - a potion of flight {unknown}
 k - a potion of heal wounds {unknown}
 m - a potion of resistance {unknown}

Dungeon Overview and Level Annotations

Branches:
Dungeon (3/15)

Altars:
Yredelemnul

Shops:
D:3 =

Annotations:
D:3 Sigmund


Message History

You swing at nothing.
Something hits you!
You swing at nothing.
You hear some strange, mumbled words.
Something tries to affect you, but you resist.
You swing at nothing.
You hear some strange, mumbled words.
You are confused.
You're too confused to attack without stumbling around!
There is a strange disturbance nearby!
Something hits you.
You're too confused to attack without stumbling around!
There is a strange disturbance nearby!
Something hits you.
You're too confused to attack without stumbling around!
There is a strange disturbance nearby!
You're too confused to attack without stumbling around!
There is a strange disturbance nearby!
Something hits you but does no damage.
You're too confused to attack without stumbling around!
There is a strange disturbance nearby!
Something hits you.
You're too confused to attack without stumbling around!
There is a strange disturbance nearby!
You feel less confused.
You swing at nothing.
Something hits you.
You swing at nothing.
A magic dart appears from out of thin air!
The magic dart hits you.
You swing at nothing.
Something hits you but does no damage.
You swing at nothing.
You swing at nothing.
You hear some strange, mumbled words.
A puff of flame appears from out of thin air!
The puff of flame hits you.
You swing at nothing.
Something hits you.
You die...

. .8 8.. ..\.
.# 8...8 ..
.8.8..####
.##
..8....@.#
..#
####.{.#.#
..#### #
#####.#
.......#.####
#.#
.<###.......#
#.#
|...........#
###.####
##.####.....#
#......#
......#.....#
#.#.##.#
......#.....#
#.#.##.#


There were no monsters in sight!

Vanquished Creatures
  3 adders
  A worm (D:2)
  5 dart slugs
  5 ball pythons (D:1)
  3 endoplasms
  A giant cockroach (D:1)
  4 goblins (D:1)
  A hobgoblin (D:2)
  7 jackals (D:1)
  5 kobolds (D:1)
  A quokka (D:1)
  A bat (D:2)
  2 frilled lizards
  3 rats
42 creatures vanquished.

Notes
Turn   | Place    | Note
-------+----------+-------------------------------------------
     0 | D:1      | qw the Tengu Warper began the quest for the Orb.
     0 | D:1      | Reached XP level 1. HP: 12/12 MP: 4/4
     0 | D:1      | 0 ||| qw: Version: 0.1-a-89-g26bdef1
     0 | D:1      | 0 ||| qw: Game counter: 981
     0 | D:1      | 0 ||| qw: Always use a shield: true
     0 | D:1      | 0 ||| qw: God list: Okawaru
     0 | D:1      | 0 ||| qw: Allow faded altars: false
     0 | D:1      | 0 ||| qw: Do Orc after D:15 true
     0 | D:1      | 0 ||| qw: Do second Lair branch before Depths: true
     0 | D:1      | 0 ||| qw: Lair rune preference: random
     0 | D:1      | 0 ||| qw: Plans: Normal
     0 | D:1      | 0 ||| PLANNING D:1-11
   149 | D:1      | 149 ||| Stepping ~*~*~tactically~*~*~ (stealth).
   303 | D:1      | 303 ||| DROPPING +0 club.
   305 | D:1      | 305 ||| Stepping ~*~*~tactically~*~*~ (hiding).
   310 | D:1      | 310 ||| Stepping ~*~*~tactically~*~*~ (hiding).
   316 | D:1      | Reached skill level 3 in Axes
   316 | D:1      | Reached XP level 2. HP: 17/17 MP: 6/6
   457 | D:1      | 457 ||| Stepping ~*~*~tactically~*~*~ (stealth).
   830 | D:1      | 830 ||| Stepping ~*~*~tactically~*~*~ (stealth).
   831 | D:1      | 831 ||| Stepping ~*~*~tactically~*~*~ (stealth).
   837 | D:1      | Reached XP level 3. HP: 16/21 MP: 7/7
   969 | D:1      | Reached skill level 4 in Axes
  1488 | D:1      | 1488 ||| UPGRADING to +0 chain mail.
  1498 | D:1      | 1498 ||| DROPPING +0 leather armour.
  1499 | D:1      | 1499 ||| READING scroll labelled ROFOPUAZIN.
  1500 | D:1      | 1500 ||| READING scroll labelled BUICWI DUM PABO.
  1503 | D:1      | 1503 ||| READING scroll labelled HELIOXZALI.
  1504 | D:1      | 1504 ||| DROPPING scroll of blinking.
  1670 | D:2      | Found a faded altar of an unknown god.
  1814 | D:2      | 1814 ||| Stepping ~*~*~tactically~*~*~ (stealth).
  1985 | D:2      | Reached XP level 4. HP: 25/26 MP: 8/8
  2234 | D:2      | 2234 ||| UPGRADING to +0 plate armour.
  2244 | D:2      | 2244 ||| DROPPING +0 chain mail.
  2245 | D:2      | 2245 ||| READING 2 scrolls labelled YNLODIGHEN.
  2246 | D:2      | 2246 ||| READING scroll labelled KYGIJIU MYOXAO.
  2268 | D:3      | Found a basalt altar of Yredelemnul.
  2335 | D:3      | Found Gitreuck's Jewellery Shoppe.
  2336 | D:3      | Noticed Sigmund
  2359 | D:3      | HP: 1/26 [something/puff of flame (6)]
  2360 | D:3      | Slain by Sigmund

Levels and vault maps discovered:
D:1:      dpeg_arrival_three_same_balls, layout_loops_corners,
          minmay_pentomino_q4
D:2:      layout_loops_ring, shapermc_ecumenical_altar_notcrosses,
          kennysheep_donut
D:3:      layout_loops_cross, xom_butterflies, fedhas_altar_4,
          lemuel_tele_altar, serial_shops, nicolae_shop_advertising_works
          [nicolae_subvault_shop_adworks], nicolae_diamond_shop, uniq_sigmund

Skill      XL: |  1  2  3 |
---------------+----------+-----
Axes           | 3 4 |  4.9
Fighting       | |  2.0
Throwing       | |  1.0
Armour         | |  1.5
Dodging        | |  2.1
Spellcasting   | |  2.0
Translocations | |  2.4

Action                   |  1- 3 |  4- 6 || total
-------------------------+-------+-------++-------
Melee: Hand axe          |    92 |    16 ||   108
       Kick              |    25 |     2 ||    27
       Peck              |    13 |     1 ||    14
       Punch             |     2 |       ||     2
Throw: Boomerang         |     7 |       ||     7
  Use: Scroll            |     3 |     2 ||     5
Armor: Leather armour    |    20 |       ||    20
       Chain mail        |     5 |     5 ||    10
       Plate armour      |       |    12 ||    12
Dodge: Dodged            |    42 |     5 ||    47

Table legend:
 A = Non-vault XP
 B = Vault XP
 C = Vault XP percentage of total XP
 D = Non-vault monster count
 E = Vault monster count
 F = Vault count percentage of total count
                 A         B        C        D         E       F
            +---------+---------+-------+---------+---------+-------
      Total |     113 |       7 |   5.8 |      39 |       3 |   7.1
            +---------+---------+-------+---------+---------+-------
        D:1 |      56 |       7 |  11.1 |      28 |       3 |   9.7
        D:2 |      44 |       0 |   0.0 |      10 |       0 |   0.0
        D:3 |      13 |       0 |   0.0 |       1 |       0 |   0.0
            +---------+---------+-------+---------+---------+-------
